 Dungeon Crawl Stone Soup version 0.30-a0-4-ga7cffc901d (webtiles) character file.

Game seed: 11071558025171739622

234 ytrimaz the Cutter (level 5, -2/41 HPs)
             Began as a Demonspawn Berserker on Aug 22, 2022.
             Was a Believer of Trog.
             Slain by an ice beast (14 damage)
             ... on level 4 of the Dungeon.
             The game lasted 00:04:19 (4116 turns).

ytrimaz the Cutter (Demonspawn Berserker)           Turns: 4116, Time: 00:04:20

Health: -2/41      AC:  3    Str: 20    XL:     5   Next: 75%
Magic:  5/5        EV: 13    Int:  8    God:    Trog [**....]
Gold:   42         SH:  8    Dex: 12    Spells: 4/4 levels left

rFire   . . .      SeeInvis .    c - +3 dagger (venom)
rCold   . . .      Faith    .    (no shield)
rNeg    . . .      Spirit   .    b - +0 animal skin
rPois   .          Reflect  .    (no helmet)
rElec   .          Harm     +    d - scarf {harm}
rCorr   .          Rampage  .    (no gloves)
Will    .....                    k - +0 pair of boots
Stlth   +.........               (no amulet)
HPRegen 0.13/turn                (no ring)
MPRegen 0.09/turn                (no ring)

@: no status effects
A: large bone plates 1, powered by pain 1, condensation shield
a: Renounce Religion, Berserk, Trog's Hand


You were on level 4 of the Dungeon.
You worshipped Trog.
Trog was pleased with you.
You visited 1 branch of the dungeon, and saw 4 of its levels.

You collected 159 gold pieces.
You spent 117 gold pieces at shops.

Inventory:

Hand Weapons
 a - a +0 short sword
 c - a +3 dagger of venom (weapon)
 e - a +0 dagger
Armour
 b - a +0 animal skin (worn)
 d - a scarf of harm (worn)
 k - a +0 pair of boots (worn)
Wands
 p - a wand of charming (8)
Scrolls
 g - 2 scrolls of enchant armour
 h - 3 scrolls of blinking
 i - 4 scrolls of magic mapping
 n - a scroll of identify
 o - a scroll of teleportation
Potions
 f - a potion of curing
 j - a potion of might
 l - a potion of haste
 m - 2 potions of ambrosia
 q - 2 potions of brilliance


   Skills:
 - Level 3.0 Fighting
 + Level 5.1 Short Blades
 - Level 1.7 Armour
 + Level 3.4 Dodging


You had 4 spell levels left.
You didn't know any spells.
Your spell library was empty.

Dungeon Overview and Level Annotations

Branches:
Dungeon (4/15)
 Temple: D:4-7

Altars:
Vehumet

Shops:
D:1 ?   D:3 ?!:


Innate Abilities, Weirdness & Mutations

You are partially covered in large bone plates. (SH +4)
You sometimes gain a little power by taking damage.
A meltable shield of frost defends you. (SH +4)


Message History

Unknown command.
You completely miss the goblin. The goblin hits you with a +0 club.
You closely miss the goblin. The goblin hits you with a +0 club.
A goblin is nearby!
You hit the goblin.
The goblin is poisoned.
The goblin is moderately wounded.
The goblin completely misses you.
A goblin is nearby!
You hit the goblin.
You kill the goblin!
Trog accepts your kill.
You now have 42 gold pieces (gained 8).
Key pressed, stopping explore.
Found a stone staircase leading down.
You see here a ball python corpse.
You see here a +0 club.
You see here a +0 dagger.
An ice beast comes into view.
An ice beast is nearby!
An ice beast is nearby!
The ice beast hits you. The ice beast freezes you!
You hit the ice beast.
The ice beast is poisoned.
The ice beast is lightly wounded.
The ice beast hits you. The ice beast freezes you!
You hit the ice beast.
The ice beast is moderately wounded.
The ice beast barely misses you.
You hit the ice beast but do no damage.
The ice beast looks as sick as possible!
The ice beast is moderately wounded.
The ice beast barely misses you.
You hit the ice beast but do no damage.
The ice beast looks as sick as possible!
The ice beast is moderately wounded.
You hit the ice beast but do no damage.
The ice beast is heavily wounded.
The ice beast hits you.
* * * LOW HITPOINT WARNING * * *
The ice beast freezes you!
You die...

#.#.......#.#.######
#.##.######.........
#.##.# ###.##.###
#.##.# #.##.#
#.##.########.##.#
######.#...........##.#
......>..#...#..#####.#
........#######.# #.#
........@Y# #...#####.#
######..### ##.......#
#####. ......
#...###### .....#
#.###... #)..#..# ....#
#..#. ##.###.# ...#
#.... ###...# . ..#
#..#.###.###.# .#####.#
# #..#..#...#..#
.......###.#
#..†.....##


You could see an ice beast (extremely poisoned).

Vanquished Creatures
  A jelly (D:4)
  Jessica (D:2)
  An orc wizard (D:3)
  Terence (D:2)
  An iguana (D:4)
  3 adders
  A dart slug (D:4)
  9 orcs (D:3)
  6 endoplasms
  5 giant cockroaches
  6 hobgoblins
  A quokka (D:1)
  3 ball pythons
  4 bats
  A frilled lizard (D:3)
  9 goblins
  6 kobolds
  4 rats
63 creatures vanquished.

Notes
Turn   | Place    | Note
-------+----------+-------------------------------------------
     0 | D:1      | ytrimaz the Demonspawn Berserker began the quest for the
                  | Orb.
     0 | D:1      | Reached XP level 1. HP: 18/18 MP: 1/1
   475 | D:1      | Reached skill level 3 in Short Blades
   505 | D:1      | You fall into a shaft and drop 1 floor!
   666 | D:2      | Noticed Jessica
   726 | D:2      | Gained mutation: A meltable shield of frost defends you.
                  | (SH +4) [demonic ancestry]
   726 | D:2      | Reached XP level 2. HP: 21/24 MP: 2/2
   731 | D:2      | Killed Jessica
   732 | D:2      | Gained mutation: You sometimes gain a little power by
                  | taking damage. [demonic ancestry]
   732 | D:2      | Reached XP level 3. HP: 13/29 MP: 3/3
  1804 | D:1      | Found a faded altar of an unknown god.
  1894 | D:1      | Found Atileuq's Magic Scroll Emporium.
  2035 | D:2      | Reached skill level 4 in Short Blades
  2095 | D:2      | Noticed Terence
  2103 | D:2      | Killed Terence
  2104 | D:2      | Reached XP level 4. HP: 14/35 MP: 4/4
  2106 | D:2      | Reached ** piety under Trog
  2687 | D:3      | Found Feepuf's Distillery.
  3028 | D:3      | Found a radiant altar of Vehumet.
  3037 | D:3      | Gained mutation: You are partially covered in large bone
                  | plates. (SH +4) [demonic ancestry]
  3037 | D:3      | Reached XP level 5. HP: 30/41 MP: 5/5
  3300 | D:3      | Found Ocerio Cehobb's Book Shop.
  3495 | D:3      | Found Otibo's Magic Scroll Boutique.
  3500 | D:3      | Bought a scroll of identify for 26 gold pieces
  3500 | D:3      | Bought a scroll of teleportation for 39 gold pieces
  3500 | D:3      | Bought a scroll of identify for 26 gold pieces
  3500 | D:3      | Bought a scroll of identify for 26 gold pieces
  3882 | D:4      | Reached skill level 5 in Short Blades
  4110 | D:4      | Noticed an ice beast
  4116 | D:4      | Slain by an ice beast

Illustrated notes

Levels and vault maps discovered:
D:1:      matt_arrival_refuge, layout_loops_ring,
          hellmonk_ecumenical_altar_inner_sanctum, serial_shops, shop
D:2:      layout_basic, uniq_terence, uniq_jessica
D:3:      kennysheep_big_flooded_room, layout_basic, nicolae_vehumet_radiance,
          serial_shops, shop, shop_statue, shop
D:4:      layout_basic, minmay_temple_entry_nine_rooms, minmay_between

Skill      XL: |  1  2  3  4  5 |
---------------+----------------+-----
Short Blades   | 3 4 5 |  5.1
Dodging        | 2 3 |  3.4
Fighting       | |  3.0
Armour         | |  1.7

Action                   |  1- 3 |  4- 6 || total
-------------------------+-------+-------++-------
Melee: Short sword       |    42 |       ||    42
       Dagger            |    47 |    96 ||   143
       Punch             |     2 |     1 ||     3
  Use: Scroll            |     5 |     6 ||    11
       Potion            |     2 |       ||     2
Armor: Skin              |    30 |       ||    30
       Animal skin       |     9 |     7 ||    16
Dodge: Dodged            |    27 |    40 ||    67
Block: Other             |     9 |    24 ||    33

Table legend: (Time is in decaauts)
 A = Elapsed time spent in this place.
 B = Non-inter-level travel time spent in this place.
 C = Inter-level travel time spent in this place.
 D = Time resting spent in this place.
 E = Time spent auto-exploring this place.
 F = Levels seen in this place.
 G = Mean time per level.
                   A        B        C        D        E       F      G
               +--------+--------+--------+--------+--------+-----+--------+
         Total |   4088 |   4038 |     50 |    463 |   3032 |   4 | 1022.0 |
       Dungeon |   4088 |   4038 |     50 |    463 |   3032 |   4 | 1022.0 |
               +--------+--------+--------+--------+--------+-----+--------+

Top non-repeatable levels by time:
     D:2: 1548 daAuts
     D:3: 1079 daAuts
     D:1: 1059 daAuts
     D:4: 400 daAuts
